 Dungeon Crawl Stone Soup version 0.26.1-11-gd32895ea62 (webtiles) character file.

Game seed: 14747569776789066617

105 Descartes the Chucker (level 4, 0/44 HPs)
             Began as a Troll Hunter on June 24, 2021.
             Slain by an ogre
             ... wielding a +9 great mace
              (20 damage)
             ... on level 3 of the Dungeon.
             The game lasted 00:02:51 (2298 turns).

Descartes the Chucker (Troll Hunter)                Turns: 2298, Time: 00:02:51

Health: 0/44       AC:  6    Str: 20    XL:     4   Next: 54%
Magic:  0/3        EV: 10    Int:  8    God:
Gold:   174        SH:  0    Dex: 10    Spells: 3/3 levels left

rFire    . . .     SeeInvis .     - Unarmed
rCold    . . .     Faith    .   (no shield)
rNeg     . . .     Spirit   +   b - +0 robe
rPois    .         Reflect  .   (helmet restricted)
rElec    .         Harm     .   (no cloak)
rCorr    .         Rampage  .   (gloves unavailable)
Will     .....                  (boots unavailable)
Stlth    +.........             j - amulet of guardian spirit
HPRegen  0.54/turn              (no ring)
MPRegen  0.08/turn              (no ring)

@: no status effects
A: large, unfitting armour, claws 3, regeneration 1, shaggy fur 1, tough skin 3
a: no special abilities


You were on level 3 of the Dungeon.
You visited 1 branch of the dungeon, and saw 3 of its levels.

You collected 174 gold pieces.

Inventory:

Missiles
 a - 53 bolts
 c - 5 large rocks (quivered)
 d - 2 throwing nets
 e - 139 stones
 k - 7 atropa-tipped darts
 t - 16 arrows
Armour
 b - a +0 robe (worn)
Jewellery
 j - an amulet of guardian spirit (around neck)
 p - an uncursed amulet of the acrobat {unknown}
Scrolls
 f - 2 scrolls of teleportation {unknown}
 g - 5 scrolls of identify {unknown}
 h - a scroll of random uselessness {unknown}
 i - 2 scrolls of amnesia {unknown}
 n - a scroll of remove curse {unknown}
 s - a scroll of fear {unknown}
Potions
 l - a potion of curing {unknown}
 m - a potion of flight {unknown}
 o - a potion of mutation {unknown}
 q - 2 potions of berserk rage {unknown}
 r - 2 potions of heal wounds {unknown}


   Skills:
 + Level 2.3 Fighting
 + Level 4.1 Throwing
 + Level 2.4 Dodging
 - Level 0.3 Stealth
 + Level 1.7 Unarmed Combat


You had 3 spell levels left.
You didn't know any spells.
Your spell library was empty.

Dungeon Overview and Level Annotations

Branches:
Dungeon (3/15)

Altars:
Qazlal

Annotations:
D:3 1 transporter, execc's ghost, amateur OpWn


Innate Abilities, Weirdness & Mutations

You are too large for most types of armour.
You have claws for hands.
Your natural rate of healing is unusually fast.
You are covered in fur. (AC +1)
You have extremely tough skin. (AC +3)


Message History

The ogre shouts! x2
Found a transporter.
Execc's ghost screams at you, "You cannot imagine the pain and torment in store for you!"
There is a transporter here.
You enter the transporter and appear at another place.
You see here 19 stones.
You see here 6 gold pieces.
The ogre hits you with a +0 giant club! The ogre hits you with a +0 giant club!
The ogre barely misses you.
You claw the ogre!
The ogre is moderately wounded.
The ogre barely misses you.
You barely miss the ogre.
The ogre is moderately wounded.
The ogre hits you with a cursed -3 giant club.
The ogre barely misses you.
You scratch the ogre.
The ogre is heavily wounded.
The ogre hits you with a +9 great mace!!
You die...

#..#######...#.#. ##.#
#.....#.#.#. #.# #.#####.#.##
#.###.# #.#...
#..##.#####.####
##############..........#
#..O..©....©##..#.#######
#..##...##OO##..#.#
#.#..#.#..#@###.#.# ###
#.#..#.#..#O# #.#.########..
#..##...##.W# #.........##.#
#.....($....###.........##.#
##############...........##.#
#.....©.©.........>......##.#
######.................).##[#
##.#................##.#
#..................##.#


You could see 3 ogres and execc's ghost.

Vanquished Creatures
  3 gnolls (D:2)
  2 adders (D:2)
  An ooze (D:3)
  A worm (D:2)
  A dart slug (D:1)
  11 giant cockroaches
  3 goblins
  5 hobgoblins
  4 jackals (D:2)
  6 bats
  4 frilled lizards
  4 kobolds
  3 rats
48 creatures vanquished.

Notes
Turn   | Place    | Note
-------+----------+-------------------------------------------
     0 | D:1      | Descartes the Troll Hunter began the quest for the Orb.
     0 | D:1      | Reached XP level 1. HP: 19/19 MP: 0/0
   446 | D:1      | Reached XP level 2. HP: 22/28 MP: 1/1
  1174 | D:2      | Reached skill level 1 in Unarmed Combat
  1184 | D:2      | Reached XP level 3. HP: 33/35 MP: 2/2
  1308 | D:2      | Found a stormy altar of Qazlal.
  1540 | D:2      | Reached skill level 4 in Throwing
  1545 | D:2      | Reached XP level 4. HP: 12/42 MP: 1/3
  2127 | D:3      | Found a transporter.
  2128 | D:3      | Noticed an ogre
  2128 | D:3      | Noticed execc's ghost (amateur OpWn)
  2129 | D:3      | Noticed an ogre
  2130 | D:3      | Noticed an ogre
  2271 | D:3      | Found a transporter.
  2298 | D:3      | Slain by an ogre

Illustrated notes

Levels and vault maps discovered:
D:1:      dpeg_arrival_erosion, layout_loops_corners, palyth_stone_intersect,
          fountainhead
D:2:      layout_loops_ring, nicolae_qazlal_general_emergency
D:3:      minmay_roachtagon, layout_basic, gammafunk_ghost_smash,
          kennysheep_generic_room_8

Skill      XL: |  1  2  3 |
---------------+----------+-----
Unarmed Combat | 1 |  1.7
Dodging        | 2 |  2.4
Fighting       | 2 |  2.3
Throwing       | 4 |  4.1
Stealth        | |  0.3

Action                   |  1- 3 |  4- 6 || total
-------------------------+-------+-------++-------
Melee: Unarmed           |   129 |    54 ||   183
       Punch             |       |     1 ||     1
 Stab: Sleeping          |     1 |       ||     1
Armor: Robe              |    53 |    15 ||    68
Dodge: Dodged            |    83 |    35 ||   118
